 Dungeon Crawl Stone Soup version 0.14.2 (webtiles) character file.

53024 Patchouli the Thaumaturge (level 14, -15/76 HPs)
             Began as a Deep Elf Ice Elementalist on Nov 2, 2016.
             Was the Champion of Kikubaaqudgha.
             Killed from afar by Aizul (21 damage)
             ... with a poison arrow
             ... on Level 4 of the Lair of Beasts.
             The game lasted 03:43:02 (18084 turns).

Patchouli the Thaumaturge (DEIE)                   Turns: 18084, Time: 03:43:03

HP -15/76        AC 16     Str 10      XL: 14   Next: 16%
MP  10/37        EV  8     Int 23      God: Kikubaaqudgha [******]
Gold 3513        SH  0     Dex 14      Spells: 11 memorised,  3 levels left

rFire  + . .     SeeInvis .     f - chunk of yak flesh
rCold  . . .     Clarity  .     l - +2 robe {rF+}
rNeg   + . .     Conserve .     (no shield)
rPois  +         rCorr    .     U - +2 hat
rElec  .         rRot     .     (no cloak)
SustAb . .       Spirit   .     G - +0 pair of gloves
rMut   .         Warding  .     b - +0 pair of boots {run}
Gourm  +         Stasis   .     e - amulet of the gourmand
MR     +....                    y - ring of poison resistance
                                K - ring of Pyweel {rN+ Str+2 Dex+1}

@: icy armour, regenerating, lethally poisoned, held, quick, somewhat resistant
to hostile enchantments, fairly stealthy
A: clumsy 1, slow healing 1, spit poison 1
a: Spit Poison, Receive Corpses, Torment, Renounce Religion


You were on level 4 of the Lair of Beasts.
You worshipped Kikubaaqudgha.
Kikubaaqudgha was exalted by your worship.
You were not hungry.

You visited 6 branches of the dungeon, and saw 26 of its levels.
You also visited: Ossuary and Ice Cave.

You collected 3513 gold pieces.

Inventory:

Hand weapons
 q - the +8,+2 spear "Cakiarri" {pierce, rPois SInv}
   (You found it on level 1 of the Lair of Beasts)

   It inflicts extra damage upon your enemies.
   It protects you from poison.
   It enhances your eyesight.
Armour
 b - a +0 pair of boots of running (worn)
 l - a +2 robe of fire resistance (worn)
 G - a +0 pair of gloves (worn)
 U - a +2 hat (worn)
Magical devices
 g - a wand of digging (16)
 k - a wand of disintegration (5)
 t - a wand of digging (5)
 N - a wand of lightning (3)
 P - a wand of flame (7)
Comestibles
 c - 9 chunks of yak flesh
 f - a chunk of yak flesh (in hand)
 h - 5 chunks of yak flesh
 i - 8 chunks of hydra flesh
 s - 2 meat rations
Scrolls
 d - 7 scrolls of identify
 m - 2 scrolls of teleportation
 v - 2 scrolls of fear
 A - 2 scrolls of remove curse
 T - a scroll of magic mapping
Jewellery
 e - an amulet of the gourmand (around neck)
 y - a ring of poison resistance (right hand)
 F - an uncursed amulet of resist corrosion
 K - the ring of Pyweel (left hand) {rN+ Str+2 Dex+1}
   (You took it off an orc on level 9 of the Dungeon)

   [ring of positive energy]

   It affects your strength (+2).
   It affects your dexterity (+1).
Potions
 w - a potion of heal wounds
 M - 4 potions of curing
 Q - a potion of invisibility
Magical staves
 a - an uncursed staff of conjuration
Miscellaneous
 W - a fan of gales


   Skills:
 - Level 4.1 Fighting
 - Level 4.3 Armour
 - Level 6.6 Dodging
 - Level 2.4 Stealth
 * Level 13.6 Spellcasting
 - Level 11.1 Conjurations
 - Level 7.2 Charms
 - Level 7.4 Summonings
 - Level 11.0 Necromancy
 * Level 7.3 Translocations
 - Level 12.0 Ice Magic
 - Level 5.1 Evocations


You had 3 spell levels left.
You knew the following spells:

 Your Spells              Type           Power        Failure   Level  Hunger
a - Freeze                Ice            ####         1%          1    None
b - Throw Frost           Conj/Ice       ######       1%          2    None
c - Dispel Undead         Necr           ######..     1%          5    ##.....
d - Controlled Blink      Tloc           N/A          99%         7    ######.
i - Summon Ice Beast      Ice/Summ       ######..     1%          4    None
k - Blink                 Tloc           N/A          1%          2    None
q - Ozocubu's Armour      Chrm/Ice       ######....   1%          3    None
r - Regeneration          Chrm/Necr      ######....   1%          3    None
s - Sublimation of Blood  Necr           ######....   1%          2    None
t - Throw Icicle          Conj/Ice       ######..     1%          4    None
w - Condensation Shield   Ice            ######....   1%          4    None


Dungeon Overview and Level Annotations

Branches:
Dungeon (11/15)            Temple (1/1) D:4             Orc (4/4) D:9
    Elf (1/3) Orc:4          Lair (8/8) D:9           Swamp (0/5) Lair:3
 Spider (1/5) Lair:4        Slime (0/6) Lair:7

Altars:
Ashenzari
Cheibriados
Dithmenos
Elyvilon
Fedhas
Kikubaaqudgha
Makhleb
Nemelex Xobeh
Okawaru
Sif Muna
Trog
Vehumet
Xom
Yredelemnul
Zin
The Shining One
Beogh

Shops:
Orc:4 [*

Annotations:
Lair:4 Aizul
Lair:8 Maud


Innate Abilities, Weirdness & Mutations

You are clumsy. (Dex -2)
You heal slowly when monsters are visible.
You can spit poison.


Message History

The chunk of flesh you are holding crumbles to dust.
A flood of magical energy pours into your mind!
Aizul pulls away from the web.
Your ice beast looks more healthy.
Aizul coils himself and waves his upper body at you.
The poison arrow hits you!
You are poisoned.
You partially resist.
* * * LOW HITPOINT WARNING * * *
Your ice beast hits Aizul but does no damage.
Aizul coils himself and waves his upper body at you.
You fall asleep.
The green rat is caught in a web!
You feel sick.
The green rat struggles to get unstuck from the web.
Aizul casts a spell at you. The poison arrow hits you!
You are lethally poisoned!
You partially resist.
You wake up.
You die...
Kikubaaqudgha rasps: "You have failed me!
Welcome... death!"

#...#..........###.##
##..............#...#
##............<....#
###............#..#
#######.###.....f.%#..##
#.#.#..##.........%##>.# #
#.....^.^...P........## #
###...^.^..^...P.##....# #
#....%S..^@......##.f#.P#.#
##.^^I.^..^.^r.........##.#
#...^^..^.^^^(..##f.###...
#....^^>.^...........##...
#..^^.^...^...#.......#P..
#.^...^.^^...## ##........
##....^...^..## ##.......
#..^^.....^..#####..f....
#.....^.^.....#P.P....%..


You could see Aizul, a green rat (webbed) and a friendly ice beast.

Vanquished Creatures
  Snorg (Orc:3)
  Fannar (Lair:4)
  Harold (Lair:8)
  3 hydras
  An orc high priest (Orc:3)
  Urug (Orc:2)
  Nergalle (Orc:2)
  Erolcha (Orc:2)
  4 orc knights
  An ice devil (Lair:1)
  A hill giant (D:9)
  4 ice statues
  5 orc sorcerers
  An oklob plant (Lair:7)
  An elephant (Lair:7)
  3 black mambas
  2 griffons (Lair:8)
  An item mimic (Lair:8)
  16 spiny frogs
  2 komodo dragons (Lair:7)
  4 trolls
  2 polar bears (Lair:1)
  A deep elf priest (Elf:1)
  17 blink frogs
  3 brown oozes (Lair:7)
  2 fire drakes
  5 giant leeches
  2 wyverns
  10 yaks
  3 sharks (Lair:8)
  A deep elf mage (Elf:1)
  2 elephant slugs
  A basilisk (Lair:4)
  Eustachio (D:7)
  5 vampire mosquitoes (Lair:8)
  3 hippogriffs
  5 wargs
  10 water moccasins
  4 wolves
  6 ice beasts
  4 giant goldfish
  3 porcupines
  4 ogres
  A phantom (D:9)
  19 orc warriors
  7 crocodiles
  11 giant slugs
  19 giant frogs
  3 killer bees
  5 electric eels
  A centaur zombie (Ossuary)
  A jelly (D:5)
  6 big fish
  A crimson imp (D:8)
  A human zombie (Ossuary)
  15 orc priests
  5 hounds
  16 orc wizards
  Natasha (D:4)
  4 iguanas
  8 sheep
  2 big kobold zombies (Ossuary)
  Ijyb (D:5)
  A gnoll (D:6)
  18 green rats
  12 adders
  2 shadow imps
  3 giant mites
  A white imp (Lair:1)
  2 worms
  A giant eyeball (D:10)
  An ooze (Lair:7)
  71 orcs
  3 giant cockroaches
  14 goblins
  9 hobgoblins
  12 jackals
  3 kobolds
  7 quokkas
  A ball python (D:4)
  10 bats
  4 giant geckos
  5 giant newts
  A giant spore (D:9)
  A goblin zombie (Ossuary)
  2 hobgoblin zombies (Ossuary)
  2 jackal zombies (Ossuary)
  A quokka zombie (Ossuary)
  6 rats
  10 ballistomycetes (D:9)
479 creatures vanquished.

Vanquished Creatures (collateral kills)
  Josephine (Orc:3)
  2 hydras
  The ghost of EmikaRules the Tainter, a powerful OpVM of Kikubaaqudgha (Orc:1)
  A hill giant (D:9)
  Joseph (D:7)
  A wolf spider (Lair:4)
  A black mamba (Lair:1)
  4 elephants (Lair:7)
  A gargoyle (D:10)
  3 spiny frogs
  2 trolls
  2 komodo dragons
  5 blink frogs
  A basilisk (Lair:4)
  A shadow (D:10)
  Grum (Orc:2)
  20 yaks
  2 hippogriffs
  4 wolves
  Edmund (D:8)
  2 porcupines
  A sky beast (D:9)
  2 water moccasins
  25 ice beasts
  A black bear (D:6)
  4 orc warriors
  3 giant goldfish
  4 ogres
  A giant slug (Lair:4)
  Blork the orc (D:8)
  2 giant frogs
  2 scorpions
  A warg skeleton (Orc:3)
  2 killer bees (D:10)
  A quasit (D:7)
  An electric eel (Lair:8)
  A basilisk zombie (D:10)
  3 centaur zombies (Ossuary)
  A giant frog skeleton (D:10)
  3 orc priests (Orc:1)
  An iguana (D:5)
  4 hounds
  A big fish (Lair:8)
  3 orc wizards
  4 sheep (Lair:8)
  An ogre zombie (D:9)
  A big kobold zombie (Ossuary)
  An ogre skeleton (Orc:3)
  2 hound zombies (Ossuary)
  4 mummies
  A hound skeleton (D:6)
  2 gnolls (D:6)
  A human zombie (D:8)
  5 green rats (Lair:5)
  3 adder zombies (Ossuary)
  An iguana skeleton (D:5)
  42 orcs
  4 goblins
  2 hobgoblins (Orc:1)
  A jackal (Lair:1)
  2 gnoll zombies (Ossuary)
  3 goblin zombies (Ossuary)
  A hobgoblin zombie (Ossuary)
  4 jackal zombies (Ossuary)
  4 kobold zombies (Ossuary)
  An orc simulacrum (Orc:3)
  3 orc zombies (Orc:3)
  3 rat zombies (Ossuary)
  4 ballistomycetes (D:9)
225 creatures vanquished.

Vanquished Creatures (others)
  94 ice beasts
  2 orcs
  A giant spore (D:9)
  A fungus (Lair:8)
  3 plants (Lair:8)
101 creatures vanquished.

Grand Total: 805 creatures vanquished

Notes
Turn   | Place    | Note
--------------------------------------------------------------
     0 | D:1      | Patchouli, the Deep Elf Ice Elementalist, began the quest for the Orb.
     0 | D:1      | Reached XP level 1. HP: 10/10 MP: 5/5
   158 | D:2      | Reached XP level 2. HP: 9/15 MP: 0/8
   263 | D:2      | Learned a level 2 spell: Throw Frost
   351 | D:2      | Reached skill level 4 in Spellcasting
   351 | D:2      | Reached XP level 3. HP: 12/19 MP: 0/12
   483 | D:3      | Found a shadowy altar of Dithmenos.
   644 | D:4      | Noticed Natasha
   653 | D:4      | Killed Natasha
   653 | D:4      | Reached skill level 5 in Spellcasting
   742 | D:4      | Learned a level 3 spell: Ozocubu's Armour
   756 | D:4      | Reached XP level 4. HP: 24/24 MP: 14/17
   762 | D:4      | Learned a level 4 spell: Summon Ice Beast
   915 | D:4      | Found a staircase to the Ecumenical Temple.
   924 | Temple   | Entered the Ecumenical Temple
   972 | Temple   | Became a worshipper of Kikubaaqudgha
  1016 | D:5      | Entered Level 5 of the Dungeon
  1016 | D:5      | Noticed Ijyb
  1022 | D:5      | Killed Ijyb
  1022 | D:5      | Reached skill level 1 in Summonings
  1131 | D:5      | Reached XP level 5. HP: 21/28 MP: 4/19
  1455 | D:6      | Noticed a sky beast
  1640 | D:6      | Noticed a black bear
  1648 | D:6      | Killed a black bear
  1748 | D:6      | Found a sand-covered staircase.
  1752 | Ossuary  | Entered an ossuary
  1815 | Ossuary  | Reached XP level 6. HP: 32/32 MP: 19/21
  2339 | D:6      | Reached skill level 5 in Ice Magic
  2447 | D:7      | Noticed Joseph
  2472 | D:7      | Killed Joseph
  2472 | D:7      | Reached skill level 5 in Summonings
  2472 | D:7      | Reached XP level 7. HP: 30/36 MP: 8/22
  2495 | D:7      | Noticed Eustachio
  2507 | D:7      | Learned a level 4 spell: Throw Icicle
  2836 | D:7      | Killed Eustachio
  2836 | D:7      | Reached skill level 6 in Summonings
  2848 | D:7      | Learned a level 2 spell: Sublimation of Blood
  3005 | D:9      | Noticed a troll
  3014 | D:9      | Killed a troll
  3014 | D:9      | Reached XP level 8. HP: 29/41 MP: 3/24
  3110 | D:8      | Found a sparkling altar of Nemelex Xobeh.
  3110 | D:8      | Noticed Blork the orc
  3120 | D:8      | Killed Blork the orc
  3120 | D:8      | Reached skill level 7 in Ice Magic
  3335 | D:9      | Got a crude amber ring
  3595 | D:8      | Noticed Edmund
  3636 | D:8      | Killed Edmund
  3806 | D:9      | Reached skill level 1 in Necromancy
  3949 | D:9      | Found a glowing silver altar of Zin.
  3951 | D:9      | Noticed a yak
  3955 | D:9      | Noticed a yak
  3956 | D:9      | Noticed a yak
  3960 | D:9      | Killed a yak
  3960 | D:9      | Reached skill level 1 in Armour
  3961 | D:9      | Killed a yak
  3964 | D:9      | Reached skill level 1 in Fighting
  3968 | D:9      | Killed a yak
  4120 | D:9      | Noticed a hill giant
  4130 | D:9      | Killed a hill giant
  4130 | D:9      | Reached skill level 1 in Charms
  4130 | D:9      | Reached skill level 8 in Ice Magic
  4130 | D:9      | Reached XP level 9. HP: 33/47 MP: 12/27
  4198 | D:10     | Entered Level 10 of the Dungeon
  4375 | D:10     | Reached skill level 5 in Conjurations
  4408 | D:10     | Identified the ring of Pyweel {rN+ Str+2 Dex+1} (You took it off an orc on level 9 of the Dungeon)
  4432 | D:10     | Paralysed by a giant eyeball for 3 turns
  4439 | D:10     | Acquired Kikubaaqudgha's first power
  4439 | D:10     | Received a gift from Kikubaaqudgha
  4440 | D:10     | Identified Kikubaaqudgha's Collected Works on Evil Arts (Kikubaaqudgha gifted it to you on level 10 of the Dungeon)
  4445 | D:10     | Learned a level 3 spell: Regeneration
  4607 | D:9      | Noticed a hill giant
  4617 | D:9      | Killed a hill giant
  4633 | D:9      | Found a staircase to the Orcish Mines.
  4671 | Orc:1    | Entered Level 1 of the Orcish Mines
  4671 | Orc:1    | Noticed EmikaRules' ghost (powerful OpVM)
  4683 | Orc:1    | Killed EmikaRules' ghost
  4779 | Orc:1    | Reached XP level 10. HP: 53/53 MP: 19/29
  5117 | Orc:1    | Learned a level 4 spell: Condensation Shield
  5146 | Orc:2    | Noticed Urug
  5194 | Orc:2    | Noticed Nergalle
  5199 | Orc:2    | Killed Nergalle
  5206 | Orc:2    | Reached skill level 5 in Necromancy
  5388 | Orc:2    | Killed Urug
  5388 | Orc:2    | Reached skill level 9 in Ice Magic
  5723 | Orc:3    | Acquired Kikubaaqudgha's second power
  5785 | Orc:3    | Noticed Snorg
  5806 | Orc:3    | Killed Snorg
  5806 | Orc:3    | Reached skill level 5 in Dodging
  5806 | Orc:3    | Reached skill level 1 in Evocations
  5840 | Orc:3    | Noticed an orc knight
  6239 | Orc:4    | Entered Level 4 of the Orcish Mines
  6251 | Orc:4    | Noticed an orc high priest
  6419 | Orc:3    | Noticed Josephine
  6426 | Orc:3    | Killed Josephine
  6480 | Orc:3    | Noticed an orc sorcerer
  6483 | Orc:3    | Killed an orc sorcerer
  6483 | Orc:3    | Reached skill level 5 in Charms
  6763 | D:9      | Noticed a yak
  6763 | D:9      | Noticed a yak
  6765 | D:9      | Noticed a yak
  6783 | D:9      | Killed a yak
  6783 | D:9      | Reached XP level 11. HP: 40/60 MP: 22/32
  6789 | D:9      | Killed a yak
  6793 | D:9      | Killed a yak
  6942 | D:9      | Learned a level 2 spell: Blink
  6947 | D:9      | Found a staircase to the Lair.
  7141 | D:9      | Noticed a six-headed hydra
  7147 | D:9      | Killed a six-headed hydra
  7494 | D:10     | Noticed a gargoyle
  7507 | D:10     | Killed a gargoyle
  7738 | Lair:1   | Entered Level 1 of the Lair of Beasts
  7765 | Lair:1   | Gained mutation: You are clumsy. (Dex -2) [potion of mutation]
  7765 | Lair:1   | Gained mutation: You can spit poison. [potion of mutation]
  7765 | Lair:1   | Gained mutation: You heal slowly when monsters are visible. [potion of mutation]
  7808 | Lair:1   | Found a frozen archway.
  8153 | Lair:1   | Reached skill level 10 in Spellcasting
  8180 | Lair:1   | Received a gift from Kikubaaqudgha
  8181 | Lair:1   | Identified Kikubaaqudgha's Almanac of Darkness (Kikubaaqudgha gifted it to you on level 1 of the Lair of Beasts)
  8189 | Lair:1   | Learned a level 5 spell: Dispel Undead
  8265 | IceCv    | Entered an ice cave
  8413 | IceCv    | Noticed an ice statue
  8413 | IceCv    | Noticed an ice statue
  8413 | IceCv    | Noticed an ice statue
  8528 | IceCv    | Killed an ice statue
  8785 | IceCv    | Killed an ice statue
  9135 | IceCv    | Killed an ice statue
  9303 | Lair:1   | Noticed an ice devil
  9309 | Lair:1   | Noticed an ice statue
  9439 | Lair:1   | Reached skill level 1 in Translocations
  9701 | Lair:2   | Reached skill level 10 in Ice Magic
 10376 | Lair:4   | Noticed a five-headed hydra
 10399 | Lair:3   | Found a staircase to the Swamp.
 10436 | Lair:3   | Noticed an eight-headed hydra
 10473 | Lair:3   | Killed an eight-headed hydra
 10473 | Lair:3   | Reached XP level 12. HP: 38/66 MP: 9/33
 10680 | Lair:1   | Acquired Kikubaaqudgha's third power
 11301 | Orc:2    | Noticed Erolcha
 11321 | Orc:2    | Killed Erolcha
 11392 | Orc:2    | Noticed Grum
 11401 | Orc:2    | Killed Grum
 11585 | Orc:3    | Killed an orc knight
 11585 | Orc:3    | Reached skill level 11 in Spellcasting
 11633 | Orc:3    | Killed an orc high priest
 11633 | Orc:3    | Reached skill level 5 in Evocations
 11878 | Orc:4    | Found a shimmering altar of Xom.
 11942 | Orc:4    | Noticed an orc sorcerer
 11947 | Orc:4    | Killed an orc sorcerer
 11997 | Orc:4    | Found a staircase to the Elven Halls.
 12011 | Elf:1    | Entered Level 1 of the Elven Halls
 12153 | Orc:4    | Noticed an orc knight
 12153 | Orc:4    | Noticed an orc sorcerer
 12163 | Orc:4    | Killed an orc sorcerer
 12185 | Orc:4    | Noticed an orc warlord
 12261 | Orc:4    | Noticed an orc knight
 12291 | Orc:4    | Killed an orc knight
 12420 | Orc:4    | Noticed an orc sorcerer
 12421 | Orc:4    | Killed an orc sorcerer
 12461 | Orc:4    | Killed an orc knight
 12563 | Orc:4    | Noticed an orc knight
 12615 | Orc:4    | Killed an orc knight
 12680 | Orc:4    | Acquired Kikubaaqudgha's fourth power
 12704 | Orc:4    | Found a roughly hewn altar of Beogh.
 13189 | Orc:4    | Found Reonn's Antique Armour Shop.
 13394 | Orc:4    | Found Giucs' General Store.
 13587 | Lair:3   | Identified a +0 pair of boots of running (You found it on level 3 of the Lair of Beasts)
 13735 | Lair:4   | Noticed Fannar
 13753 | Lair:4   | Killed a five-headed hydra
 14144 | Lair:4   | Killed Fannar
 14144 | Lair:4   | Reached skill level 12 in Spellcasting
 14144 | Lair:4   | Reached XP level 13. HP: 54/70 MP: 4/35
 14215 | Lair:5   | Reached skill level 10 in Conjurations
 14788 | Lair:7   | Found a staircase to the Slime Pits.
 14963 | Lair:7   | Reached skill level 5 in Translocations
 15021 | Lair:8   | Entered Level 8 of the Lair of Beasts
 15488 | Lair:1   | Killed an ice statue
 15519 | Lair:1   | Killed an ice devil
 15527 | Lair:1   | Got an encrusted spear
 15532 | Lair:1   | Got a crude turquoise ring
 15540 | Lair:1   | Identified a scroll of acquirement
 15671 | Lair:8   | Reached skill level 10 in Necromancy
 15675 | Lair:8   | Identified the +8,+2 spear "Cakiarri" {pierce, rPois SInv} (You found it on level 1 of the Lair of Beasts)
 15677 | Lair:8   | Identified the ring of Joy {Hunger- Dex+5 Acc-3} (You found it on level 1 of the Lair of Beasts)
 16378 | Lair:8   | Noticed Harold
 16514 | Lair:8   | Killed Harold
 16574 | Lair:8   | Reached skill level 13 in Spellcasting
 17213 | Lair:8   | Noticed Maud
 17279 | Lair:8   | Reached XP level 14. HP: 68/76 MP: 27/37
 17456 | Lair:8   | Got a glittering silver ring
 17787 | Lair:1   | Learned a level 7 spell: Controlled Blink
 18034 | Lair:4   | Found a hole to the Spider Nest.
 18040 | Lair:4   | Noticed a four-headed hydra
 18046 | Lair:4   | Killed a four-headed hydra
 18063 | Spider:1 | Entered Level 1 of the Spider Nest
 18063 | Spider:1 | Noticed Aizul
 18084 | Lair:4   | Killed from afar by Aizul

Action                   |  1- 3 |  4- 6 |  7- 9 | 10-12 | 13-15 || total
-------------------------+-------+-------+-------+-------+-------++-------
Melee: Unarmed           |     2 |       |       |     2 |     2 ||     6
       Spear             |       |   125 |    17 |       |       ||   142
       Trident           |       |       |    36 |       |       ||    36
       Halberd           |       |       |     6 |       |       ||     6
       War axe           |       |       |       |    72 |       ||    72
       Quarterstaff      |       |       |       |       |     4 ||     4
 Cast: Freeze            |    32 |    24 |    17 |    39 |    42 ||   154
       Throw Frost       |    10 |    22 |    10 |   184 |    86 ||   312
       Summon Ice Beast  |       |    24 |    69 |   163 |    54 ||   310
       Ozocubu's Armour  |       |     2 |     5 |    70 |    26 ||   103
       Throw Icicle      |       |       |    26 |   417 |   301 ||   744
       Sublimation of Bl |       |       |    41 |   429 |   227 ||   697
       Regeneration      |       |       |     7 |   167 |    55 ||   229
       Condensation Shie |       |       |       |    19 |     1 ||    20
       Blink             |       |       |       |    18 |    25 ||    43
Invok: Receive Corpses   |       |       |       |     2 |       ||     2
       Torment           |       |       |       |     1 |       ||     1
Evoke: Wand              |     1 |     5 |     5 |    44 |    12 ||    67
  Use: Scroll            |     1 |     7 |     8 |     2 |    11 ||    29
       Potion            |       |       |     2 |     7 |     4 ||    13
 Stab: Sleeping          |       |     5 |       |       |       ||     5
       Distracted        |       |     6 |     4 |       |       ||    10
